 Dungeon Crawl Stone Soup version 0.26.1-2-gb8aa6d0cf2 (webtiles) character file.

Game seed: 13124921198536595995

24 Gadfly the Magician (level 3, 0/19 HPs)
             Began as a Tengu Hedge Wizard on Feb 18, 2021.
             Slain by a kobold
             ... wielding a +0 whip
              (5 damage)
             ... on level 1 of the Dungeon.
             The game lasted 00:02:40 (1324 turns).

Gadfly the Magician (Tengu Hedge Wizard)            Turns: 1324, Time: 00:02:40

Health: 0/19       AC:  3    Str: 10    XL:     3   Next: 2%
Magic:  5/8        EV: 13    Int: 15    God:
Gold:   53         SH:  0    Dex: 13    Spells: 3/8 levels left

rFire    . . .     SeeInvis .   d - +0 short sword
rCold    . . .     Faith    .   (no shield)
rNeg     . . .     Spirit   .   b - +0 robe
rPois    .         Reflect  .   c - +1 hat
rElec    .         Harm     .   (no cloak)
rCorr    .         Rampage  .   (no gloves)
Will     .....                  (boots unavailable)
Stlth    ++........             (no amulet)
HPRegen  0.06/turn              (no ring)
MPRegen  0.11/turn              (no ring)

@: very slightly contaminated
A: beak, talons 3
a: no special abilities


You were on level 1 of the Dungeon.
You visited 1 branch of the dungeon, and saw 2 of its levels.

You collected 53 gold pieces.

Inventory:

Hand Weapons
 d - a +0 short sword (weapon)
Armour
 b - a +0 robe (worn)
 c - a +1 hat (worn)
Potions
 g - a potion of attraction {unknown}
 h - a potion of degeneration {unknown}


   Skills:
 + Level 0.2 Fighting
 * Level 2.7 Dodging
 - Level 2.0 Stealth
 + Level 3.0 Spellcasting
 * Level 1.6 Conjurations
 * Level 1.6 Summonings
 * Level 1.0 Translocations
 * Level 1.0 Air Magic
 * Level 0.5 Evocations


You had 3 spell levels left.
You knew the following spells:

 Your Spells              Type           Power        Failure   Level
a - Magic Dart            Conj           28%          10%         1
b - Call Imp              Summ           7%           16%         2
c - Blink                 Tloc           N/A          21%         2

Your spell library contained the following spells:

 Spells                   Type           Power        Failure   Level
 Slow                     Hex            2%           30%         2
 Conjure Flame            Conj/Fire      4%           38%         3
 Mephitic Cloud           Conj/Pois/Air  5%           38%         3


Dungeon Overview and Level Annotations

Branches:
Dungeon (2/15)

Altars:
The Shining One


Innate Abilities, Weirdness & Mutations

You have a beak for a mouth.
You have claws for feet.


Message History

The magic dart hits the hobgoblin but does no damage.
The hobgoblin hits you.
* * * LOW HITPOINT WARNING * * *
You are too injured to fight recklessly!
You are too injured to fight recklessly!
You are too injured to fight recklessly!
You are too injured to fight recklessly!
You barely miss the hobgoblin. You claw the hobgoblin.
The hobgoblin is almost dead.
The hobgoblin hits you but does no damage.
You hit the hobgoblin.
You kill the hobgoblin!
You have reached level 3!
Your experience leads to an increase in your attributes!
Increase (S)trength, (I)ntelligence, or (D)exterity?
You feel clever.
You closely miss the kobold. Your peck misses the kobold.
The kobold hits you but does no damage.
You closely miss the kobold. The kobold hits you with a +0 whip.
You die...

#############.# ###....#
#.............# #...#...
#.............# ##..#..#
###.............# ##..###..
#...............###..##.##.
#.#.............##..#'...##
#.#############.#..##.....#
##.#############...##.......
#......>†>K@.....###...._...
#....##.########...##.......
#....##.########.#..##.....#
##.#.##..............##...##
#.#...........#.###..##.##.
#.#...........#.# ##..###..
##'#.............# ##..#..#
##.(.#..........### ##.#...
#....#..........# #....#


You could see a kobold.

Vanquished Creatures
  A dart slug (D:1)
  3 bats (D:1)
  A bat zombie (D:2)
  A goblin (D:1)
  5 hobgoblins
  3 kobolds (D:1)
  3 frilled lizards (D:1)
  4 rats (D:1)
21 creatures vanquished.

Notes
Turn   | Place    | Note
-------+----------+-------------------------------------------
     0 | D:1      | Gadfly the Tengu Hedge Wizard began the quest for the Orb.
     0 | D:1      | Reached XP level 1. HP: 10/10 MP: 5/5
   240 | D:1      | Reached XP level 2. HP: 15/15 MP: 4/7
   335 | D:1      | Reached skill level 1 in Translocations
   338 | D:1      | Learned a level 2 spell: Call Imp
   341 | D:1      | Learned a level 2 spell: Blink
   459 | D:1      | Reached skill level 1 in Air Magic
   546 | D:1      | Found a glowing golden altar of the Shining One.
  1323 | D:1      | Reached XP level 3. HP: 5/19 MP: 5/8
  1324 | D:1      | Slain by a kobold

Illustrated notes

Levels and vault maps discovered:
D:1:      dpeg_arrival_fog, layout_basic, tso_metal_star
D:2:      minmay_inner_zag, layout_basic, serial_undead, serial_undead_c,
          serial_undead_d, serial_undead_d, serial_undead_b, serial_undead_f

Skill      XL: |  1  2 |
---------------+-------+-----
Translocations | 1 |  1.0
Air Magic      | 1 |  1.0
Fighting       | |  0.2
Dodging        | |  2.7
Stealth        | |  2.0
Spellcasting   | |  3.0
Conjurations   | |  1.6
Summonings     | |  1.6
Evocations     | |  0.5

Action                   || total
-------------------------++-------
Melee: Dagger            ||     1
       Short sword       ||     7
       Kick              ||     1
 Cast: Magic Dart        ||    49
  Use: Scroll            ||     3
Armor: Robe              ||     6
Dodge: Dodged            ||    21
